 Dungeon Crawl Stone Soup version 0.31-a0-358-gac0dbeb3ab (webtiles) character file.

Game seed: 10345716486550192063

149 Locuples the Cudgeller (level 5, -2/47 HPs)
             Began as a Minotaur Monk on July 25, 2023.
             Slain by a gnoll
             ... wielding a +0 club
              (3 damage)
             ... on level 2 of the Dungeon.
             The game lasted 00:03:18 (1314 turns).

Locuples the Cudgeller (Minotaur Monk)              Turns: 1314, Time: 00:03:18

Health: -2/47      AC:  9    Str: 18    XL:     5   Next: 9%
Magic:  4/4        EV:  9    Int:  7    God:
Gold:   87         SH:  0    Dex: 12    Spells: 4/4 levels left

rFire   . . .        a - +0 mace
rCold   . . .        d - orb {light}
rNeg    . . .        j - +0 chain mail
rPois   .            (helmet restricted)
rElec   .            (no cloak)
rCorr   .            (no gloves)
SInv    .            k - +0 pair of boots
Will    .....        (no amulet) Stlth
                     (no ring)
HPRegen 0.27/turn    (no ring)
MPRegen 0.09/turn

%: no passive effects
@: glowing
A: horns 2, retaliatory headbutt
a: no special abilities


You were on level 2 of the Dungeon.
You visited 1 branch of the dungeon, and saw 2 of its levels.

You collected 87 gold pieces.

Inventory:

Hand Weapons
 a - a +0 mace (weapon)
Armour
 b - a +0 robe
 d - an orb of light (worn)
 j - a +0 chain mail (worn)
 k - a +0 pair of boots (worn)
Scrolls
 e - a scroll of revelation {unknown}
 f - 2 scrolls of noise {unknown}
 g - a scroll of immolation {unknown}
 i - 2 scrolls of identify {unknown}
 l - a scroll of teleportation {unknown}
 m - a scroll of vulnerability {unknown}
 n - a scroll of fear {unknown}
 o - a scroll of poison {unknown}
Potions
 c - a potion of ambrosia
 h - a potion of curing {unknown}
 p - a potion of attraction {unknown}
 q - 2 potions of berserk rage {unknown}
 r - a potion of resistance {unknown}


   Skills:
 + Level 4.8 Fighting
 + Level 5.1 Maces & Flails
 + Level 1.3 Armour
 + Level 4.2 Dodging


You had 4 spell levels left.
You didn't know any spells.
Your spell library was empty.

Dungeon Overview and Level Annotations

Branches:
Dungeon (2/15)

Altars:


Innate Abilities, Weirdness & Mutations

You have a pair of horns on your head.
You reflexively headbutt those who attack you in melee.


Message History

* * * LOW HITPOINT WARNING * * *
You hit the gnoll.
The gnoll is severely wounded.
The gnoll hits you with a +0 flail.
* * * LOW HITPOINT WARNING * * *
You hit the gnoll but do no damage.
The gnoll is severely wounded.
The gnoll hits you with a +0 flail.
* * * LOW HITPOINT WARNING * * *
The gnoll barely misses you.
You hit the gnoll.
You kill the gnoll!
You barely miss the giant cockroach. You headbutt the giant cockroach.
The giant cockroach is heavily wounded.
The giant cockroach closely misses you.
The giant cockroach bites you but does no damage.
You hit the giant cockroach.
You kill the giant cockroach!
The ball python barely misses you. The ball python grabs you.
The ball python constricts you.
You completely miss the ball python.
The ball python bites you but does no damage.
The ball python constricts you.
You barely miss the ball python.
The ball python bites you but does no damage.
The ball python constricts you.
You hit the ball python. You headbutt the ball python.
You kill the ball python!
The gnoll closely misses you.
You hit the gnoll but do no damage.
The gnoll is heavily wounded.
The gnoll barely misses you.
You hit the gnoll.
The gnoll is severely wounded.
The gnoll hits you with a +0 club.
* * * LOW HITPOINT WARNING * * *
You hit the gnoll.
The gnoll is almost dead.
The gnoll hits you with a +0 club.
You die...

#........#
#..........##
#......###
#..........##
#.....##
#.........###
#...).#
##.#.....##..
#.....##
#.#####....#
#......## #
#..###.
######..#
#...###..
##.##### #.##
#.# #..@g.##
... ##.#
#####..# ..#
.... ##)# ..
###. #..).^.#
#.
#......?..$
#.
#..........#
#(
#..........#
##
#..........#
#......[...#


You could see a gnoll.

Vanquished Creatures
  Terence (D:2)
  3 gnolls (D:2)
  3 adders (D:2)
  A worm (D:2)
  2 dart slugs (D:1)
  5 endoplasms
  4 giant cockroaches
  8 goblins
  A hobgoblin (D:1)
  7 jackals (D:1)
  8 kobolds
  A quokka (D:1)
  5 ball pythons
  8 bats
  A frilled lizard (D:1)
  2 rats
60 creatures vanquished.

Notes
Turn   | Place    | Note
-------+----------+-------------------------------------------
     0 | D:1      | Locuples the Minotaur Monk began the quest for the Orb.
     0 | D:1      | Reached XP level 1. HP: 19/19 MP: 0/0
    65 | D:1      | Reached XP level 2. HP: 23/27 MP: 1/1
   100 | D:1      | Reached skill level 4 in Maces & Flails
   413 | D:1      | Reached XP level 3. HP: 32/33 MP: 2/2
   966 | D:2      | Reached XP level 4. HP: 39/41 MP: 3/3
  1049 | D:2      | Noticed Terence
  1059 | D:2      | Killed Terence
  1065 | D:2      | Reached skill level 5 in Maces & Flails
  1289 | D:2      | Reached skill level 1 in Armour
  1297 | D:2      | Reached XP level 5. HP: 30/47 MP: 4/4
  1313 | D:2      | HP: 1/47 [gnoll/+0 club (6)]
  1314 | D:2      | Slain by a gnoll

Illustrated notes

Levels and vault maps discovered:
D:1:      spicycebolla_arrival_clurvy, layout_basic
D:2:      layout_rooms, minmay_vboxes, uniq_terence

Skill      XL: |  1  2  3  4 |
---------------+-------------+-----
Maces & Flails | 4 5 |  5.1
Fighting       | 4 |  4.8
Dodging        | 4 |  4.2
Armour         | 1 |  1.3

Action                     |  1- 3 |  4- 6 || total
---------------------------+-------+-------++-------
  Melee: Mace              |    61 |    47 ||   108
         Headbutt          |    13 |     8 ||    21
 Armour: Robe              |    12 |       ||    12
         Chain mail        |    15 |    32 ||    47
  Dodge: Dodged            |    54 |    50 ||   104

Table legend: (Time is in decaauts)
 A = Elapsed time spent in this place.
 B = Non-inter-level travel time spent in this place.
 C = Inter-level travel time spent in this place.
 D = Time resting spent in this place.
 E = Time spent auto-exploring this place.
 F = Levels seen in this place.
 G = Mean time per level.
                   A        B        C        D        E       F      G
               +--------+--------+--------+--------+--------+-----+--------+
         Total |   1333 |   1333 |      0 |      0 |    902 |   2 |  666.5 |
       Dungeon |   1333 |   1333 |      0 |      0 |    902 |   2 |  666.5 |
               +--------+--------+--------+--------+--------+-----+--------+

Top non-repeatable levels by time:
     D:1: 903 daAuts
     D:2: 430 daAuts
